 Dungeon Crawl Stone Soup version 0.29.1-1-gd02db6906a (webtiles) character file.

Game seed: 10812620957327228652

15329 Anriel the Blocker (level 12, 0/72 HPs)
             Began as a Gargoyle Fighter on Oct 18, 2022.
             Was an Elder of Okawaru.
             Slain by Snorg (7 damage)
             ... on level 11 of the Dungeon on Oct 19, 2022.
             The game lasted 01:08:26 (10546 turns).

Anriel the Blocker (Gargoyle Fighter)              Turns: 10546, Time: 01:08:28

Health: 0/72       AC: 58    Str: 24    XL:     12   Next: 25%
Magic:  15/16      EV:  7    Int: 10    God:    Okawaru [****..]
Gold:   222        SH: 21    Dex: 15    Spells: 11/11 levels left

rFire   + . .      SeeInvis +   D - +2 morningstar (protect)
rCold   + . .      Faith    .   d - +2 kite shield "Diro" {rF+}
rNeg    + . .      Spirit   .   m - +3 crystal plate armour of Wasted Space {rC+ SInv}
rPois   ∞          Reflect  +   x - +2 helmet {SInv}
rElec   +          Harm     .   y - +0 cloak
rCorr   .          Rampage  .   u - +2 pair of gloves
Will    .....                   C - +2 pair of boots
Stlth   ..........              c - amulet of reflection
HPRegen 0.22/turn               i - +6 ring of dexterity
MPRegen 0.15/turn               l - +4 ring of protection

@: heroic, under a protective aura
A: sickness immunity, AC +8, negative energy resistance 1, electricity
resistance, torment resistance 1, petrification resistance
a: Renounce Religion, Heroism, Finesse


You were on level 11 of the Dungeon.
You worshipped Okawaru.
Okawaru was greatly pleased with you.
You visited 2 branches of the dungeon, and saw 12 of its levels.
You also visited: Sewer and Ossuary.

You collected 869 gold pieces.
You spent 647 gold pieces at shops.

Inventory:

Hand Weapons
 k - a +0 vorpal flail
 z - a +3 morningstar of freezing
 D - a +2 morningstar of protection (weapon)
Missiles
 r - 5 boomerangs (quivered)
 E - 6 curare-tipped darts
 F - a javelin
 G - a silver javelin
Armour
 d - the +2 kite shield "Diro" (worn) {rF+}
   (You acquired it on level 5 of the Dungeon)

   rF:        It protects you from fire.
 m - the +3 crystal plate armour of Wasted Space (worn) {rC+ SInv}
   (You acquired it on level 8 of the Dungeon)

   rC:        It protects you from cold.
   SInv:      It lets you see invisible.
 u - a +2 pair of gloves (worn)
 x - a +2 helmet of see invisible (worn)
 y - a +0 cloak (worn)
 C - a +2 pair of boots (worn)
Jewellery
 b - a ring of fire
 c - an amulet of reflection (around neck)
 i - a +6 ring of dexterity (left hand)
 l - a +4 ring of protection (right hand)
 q - an amulet of faith
 v - an amulet of guardian spirit
 A - a ring of resist corrosion
Wands
 f - a wand of polymorph (15)
 n - a wand of flame (16)
 p - a wand of light (10)
Scrolls
 a - 4 scrolls of fog
 g - a scroll of blinking
 t - 2 scrolls of silence
 w - 4 scrolls of teleportation
Potions
 e - 4 potions of ambrosia
 h - a potion of resistance {unknown}
 j - 5 potions of curing
 o - 5 potions of magic
 s - 3 potions of haste


   Skills:
 + Level 7.2(12.2) Fighting
 + Level 10.7(15.7) Maces & Flails
 + Level 3.1(8.1) Throwing
 * Level 9.6(14.6) Armour
 + Level 2.0(7.0) Dodging
 + Level 1.3(6.3) Stealth
 + Level 11.1(16.1) Shields
 * Level 6.3 Invocations
 + Level 4.4 Evocations


You had 11 spell levels left.
You didn't know any spells.
Your spell library contained the following spells:

 Spells                   Type           Power      Damage    Failure   Level
 Magic Dart               Conj           0%         1d3       100%        1
 Sting                    Tmut/Pois      0%         1d3       100%        1
 Ensorcelled Hibernation  Hex/Ice        0%         N/A       100%        2
 Passwall                 Tmut/Erth      0%         N/A       100%        2
 Poisonous Vapours        Pois/Air       0%         N/A       100%        2
 Mephitic Cloud           Conj/Pois/Air  0%         N/A       100%        3
 Swiftness                Air            0%         N/A       100%        3
 Airstrike                Air            0%         2d(0-16)  100%        4
 Corpse Rot               Necr/Pois/Air  0%         N/A       100%        4
 Olgreb's Toxic Radiance  Pois           0%         N/A       100%        4
 Lightning Bolt           Conj/Air       0%         1d11      100%        5
 Call Imp                 Summ           Unusable   N/A       N/A         2
 Summon Lightning Spire   Summ/Air       Unusable   N/A       N/A         4

Dungeon Overview and Level Annotations

Branches:
Dungeon (11/15)            Temple (1/1) D:6            Lair (0/5) D:11
    Orc (0/2) D:9           Sewer (visited)         Ossuary (visited)

Altars:
Ashenzari
Cheibriados
Dithmenos
Elyvilon
Fedhas
Gozag
Hepliaklqana
Kikubaaqudgha
Makhleb
Nemelex Xobeh
Okawaru
Qazlal
Ru
Sif Muna
Trog
Uskayaw
Vehumet
Wu Jian
Xom
Yredelemnul
Zin
The Shining One

Shops:
D:3 :*[?(   D:6 [

Portals:
Gauntlet: D:11

Annotations:
D:4 2 transporters, matti1234's ghost, amateur KoEn
D:8 3 runed translucent doors, duchin's ghost, novice MiGl
D:11 Snorg


Innate Abilities, Weirdness & Mutations

You are immune to sickness and miasma.
Your stone body is resilient. (AC +8)
You are immune to poison.
You resist negative energy. (rN+)
You are resistant to electric shocks. (rElec)
You are resistant to unholy torment.
You are immune to petrification.


Message History

You gain the combat prowess of a mighty hero.
You block Snorg's attack. x2; Snorg claws you!
Snorg closely misses you. Snorg claws you but does no damage. x2
You fail to use your ability.
Snorg bites you!
* * * LOW HITPOINT WARNING * * *
You block Snorg's attack. Snorg claws you but does no damage.
You feel better. You block Snorg's attack. x4
Snorg claws you but does no damage. x2
You feel better.
You hear the loud beating of a drum.
Snorg bites you. Snorg claws you!
* * * LOW HITPOINT WARNING * * *
You block Snorg's attack.
Blink to where?
Press: ? - help, Dir - move target
As you read the scroll of blinking, it crumbles to dust.
You feel better.
You feel better.
Okay, then.
You bludgeon Snorg!!
Your weapon exudes an aura of protection.
Snorg is moderately wounded.
You block Snorg's attack. x3
You hit Snorg.
Snorg is moderately wounded.
You block Snorg's attack. Snorg claws you but does no damage. Snorg claws you!
* * * LOW HITPOINT WARNING * * *
You closely miss Snorg.
Snorg is moderately wounded.
Snorg bites you but does no damage. Snorg claws you!
* * * LOW HITPOINT WARNING * * *
You block Snorg's attack.
Snorg is nearby!
Aiming: Bolt of Light
Press: ? - help, Shift-Dir - straight line, f - Snorg
Aim: Snorg (moderately wounded, berserk, 74% to hit)
The bolt of light hits Snorg!!
Snorg is heavily wounded.
Snorg is blinded.
You block Snorg's attack. Snorg claws you!
You die...

#†# .. ###†# ...
....# ..########
....# ..#......#
....#######..#......#
####.........#......#
..##.........#......#
...#.........#......#
P...#####....#..@...#
...... #....#..T...+
......###....#......#
...#..#......#......#
..##..#......#^.....#
### #....###......+ #
#....'........#
#....#.....∩..#
#....#........#


You could see Snorg (berserk, blind).

Vanquished Creatures
  A hydra (D:8)
  A two-headed ogre (D:10)
  A centaur warrior (D:8)
  Sonja (D:11)
  An orange crystal statue (D:10)
  A cyclops (D:8)
  An elephant (D:11)
  A gargoyle (D:10)
  5 kobold demonologists
  Maggie (D:6)
  An unseen horror (D:10)
  A yaktaur (D:8)
  A hornet (D:10)
  4 trolls
  Grinder (D:5)
  A meliai (D:8)
  A wraith (D:10)
  4 yaks (D:11)
  A wyvern (D:10)
  2 basilisks (D:11)
  3 steam dragons
  4 vampire mosquitoes (D:11)
  An acid dragon (D:10)
  8 orc warriors
  2 sky beasts
  Duvessa (D:5)
  2 ice beasts
  3 black bears
  2 centaurs
  A phantom (D:5)
  4 bullfrogs
  2 elf zombies (Ossuary)
  9 kobold brigands
  A necrophage (D:7)
  3 gnoll sergeants
  3 scorpions
  19 wights
  2 killer bees (D:8)
  Dowan (D:5)
  4 jellies
  3 howler monkeys
  3 lava snakes (D:10)
  A hound (D:7)
  A human zombie (Ossuary)
  9 orc priests
  Jessica (D:3)
  4 iguanas
  10 orc wizards
  A hound zombie (Ossuary)
  4 mummies (Ossuary)
  8 adders
  12 gnolls
  2 river rats (Sewer)
  3 white imps
  2 ufetubi (D:5)
  2 adder zombies (Ossuary)
  3 worms
  41 orcs
  10 bats
  10 endoplasms
  4 giant cockroaches
  A gnoll zombie (Ossuary)
  14 hobgoblins
  13 jackals
  3 quokkas
  15 ball pythons
  A frilled lizard (D:2)
  6 goblins
  2 goblin zombies (Ossuary)
  A hobgoblin zombie (Ossuary)
  27 kobolds
  2 kobold zombies (Ossuary)
  6 rats
331 creatures vanquished.

Vanquished Creatures (others)
  A centaur (D:7)
  An orc wizard (D:6)
  A plant (D:3)
3 creatures vanquished.

Grand Total: 334 creatures vanquished

Notes
Turn   | Place    | Note
-------+----------+-------------------------------------------
     0 | D:1      | Anriel the Gargoyle Fighter began the quest for the Orb.
     0 | D:1      | Reached XP level 1. HP: 14/14 MP: 1/1
    48 | D:1      | Reached XP level 2. HP: 13/19 MP: 2/2
   619 | D:1      | Reached XP level 3. HP: 15/24 MP: 3/3
  1293 | D:2      | Found a faded altar of an unknown god.
  1320 | D:2      | Reached XP level 4. HP: 27/29 MP: 4/4
  1903 | D:3      | Found Jannaod's Book Shop.
  2016 | D:3      | Found Kaudunoa's Antique Armour Shoppe.
  2034 | D:3      | Found Rappuwnod's Magic Scroll Boutique.
  2042 | D:3      | Bought a scroll of identify for 22 gold pieces
  2042 | D:3      | Bought 2 scrolls of identify for 44 gold pieces
  2042 | D:3      | Bought a scroll of identify for 22 gold pieces
  2070 | D:3      | Found Jeton's General Store.
  2217 | D:3      | Noticed Jessica
  2229 | D:3      | Killed Jessica
  2230 | D:3      | Reached XP level 5. HP: 32/34 MP: 5/5
  2272 | D:3      | Found Poeguf's Weapon Boutique.
  2290 | D:3      | Bought a +0 vorpal flail for 86 gold pieces
  2352 | D:3      | Found a sacrificial altar of Ru.
  2487 | D:4      | Found a transporter.
  2487 | D:4      | Noticed matti1234's ghost (amateur KoEn)
  2509 | D:4      | Found a transporter.
  2532 | D:4      | Reached skill level 1 in Dodging
  2545 | D:4      | Reached skill level 4 in Shields
  2545 | D:4      | Reached XP level 6. HP: 39/39 MP: 6/6
  2707 | D:4      | Found a basalt altar of Yredelemnul.
  2717 | D:4      | Found a glowing drain.
  2739 | Sewer    | Entered a sewer
  3093 | D:4      | Reached skill level 1 in Evocations
  3093 | D:4      | Reached XP level 7. HP: 41/44 MP: 7/7
  3395 | D:4      | Reached skill level 1 in Throwing
  3763 | D:5      | Entered Level 5 of the Dungeon
  3792 | D:5      | Reached skill level 5 in Maces & Flails
  3902 | D:5      | Noticed Grinder
  3914 | D:5      | Killed Grinder
  3915 | D:5      | Reached skill level 5 in Fighting
  3915 | D:5      | Reached XP level 8. HP: 23/49 MP: 8/8
  3924 | D:5      | Found a sand-covered staircase.
  3946 | Ossuary  | Entered an ossuary
  3983 | Ossuary  | Reached skill level 5 in Armour
  3995 | Ossuary  | Reached skill level 5 in Shields
  4405 | D:5      | Noticed Duvessa
  4405 | D:5      | Noticed Dowan
  4415 | D:5      | Killed Duvessa
  4422 | D:5      | Killed Dowan
  4867 | D:6      | Noticed Maggie
  5131 | D:6      | Killed Maggie
  5132 | D:6      | Reached XP level 9. HP: 22/54 MP: 9/9
  5157 | D:5      | Identified a scroll of acquirement
  5157 | D:5      | Acquired the +2 kite shield "Diro" {rF+}
  5259 | D:6      | Found Udean's Armour Shop.
  5287 | D:6      | Found a staircase to the Ecumenical Temple.
  5353 | D:6      | Reached skill level 1 in Stealth
  5367 | Temple   | Entered the Ecumenical Temple
  5464 | Temple   | Became a worshipper of Warmaster Okawaru
  5517 | D:6      | Found a glowing golden altar of the Shining One.
  5517 | D:6      | Found a hide-covered altar of Uskayaw.
  5534 | D:6      | Reached skill level 6 in Shields
  6179 | D:7      | Reached skill level 7 in Shields
  6464 | D:7      | Reached * piety under Okawaru
  6476 | D:7      | Noticed a troll
  6491 | D:7      | Killed a troll
  6492 | D:7      | Reached XP level 10. HP: 39/60 MP: 10/10
  6702 | D:7      | Reached skill level 8 in Shields
  6839 | D:8      | Reached skill level 1 in Invocations
  7001 | D:3      | Bought a shiny helmet for 195 gold pieces
  7001 | D:3      | Bought a pair of boots for 117 gold pieces
  7092 | D:6      | Bought a +0 helmet of see invisible for 161 gold pieces
  7335 | D:8      | Reached ** piety under Okawaru
  7387 | D:8      | Acquired the +3 crystal plate armour of Wasted Space {rC+
                  | SInv}
  7554 | D:8      | Noticed a centaur warrior
  7570 | D:8      | Killed a centaur warrior
  7639 | D:8      | Reached *** piety under Okawaru
  7909 | D:8      | Noticed a cyclops
  7921 | D:8      | Killed a cyclops
  7922 | D:8      | Reached skill level 9 in Shields
  8120 | D:8      | Noticed a seven-headed hydra
  8134 | D:8      | Killed a seven-headed hydra
  8135 | D:8      | Reached XP level 11. HP: 66/66 MP: 11/13
  8161 | D:8      | Reached **** piety under Okawaru
  8255 | D:8      | Found a runed translucent gate.
  8256 | D:8      | Found a runed translucent gate.
  8256 | D:8      | Found a runed translucent gate.
  8256 | D:8      | Identified the +2 chain mail of Insatiable Hunger {rC+}
  8258 | D:8      | Noticed duchin's ghost (novice MiGl)
  8529 | D:9      | Found a staircase to the Orcish Mines.
  8566 | D:9      | Reached skill level 10 in Shields
  9016 | D:10     | Entered Level 10 of the Dungeon
  9334 | D:10     | Reached skill level 10 in Maces & Flails
  9354 | D:10     | Found a stormy altar of Qazlal.
  9406 | D:10     | Received a gift from Okawaru
  9683 | D:10     | Reached skill level 5 in Invocations
  9697 | D:10     | Noticed an orange crystal statue
  9775 | D:10     | Noticed a sun demon
  9777 | D:10     | Noticed a sun demon
  9780 | D:10     | Noticed a sixfirhy
  9839 | D:10     | Noticed a two-headed ogre
  9849 | D:10     | Killed a two-headed ogre
  9849 | D:10     | Reached ***** piety under Okawaru
 10022 | D:10     | Found a shimmering altar of Xom.
 10211 | D:10     | Killed an orange crystal statue
 10331 | D:11     | Noticed Sonja
 10343 | D:11     | Received a gift from Okawaru
 10344 | D:11     | Reached XP level 12. HP: 72/72 MP: 9/16
 10346 | D:11     | Killed Sonja
 10347 | D:11     | Reached skill level 11 in Shields
 10366 | D:11     | Received a gift from Okawaru
 10475 | D:11     | Found a staircase to the Lair.
 10523 | D:11     | Found a gate leading to a gauntlet.
 10525 | D:11     | Noticed Snorg
 10546 | D:11     | Slain by Snorg

Illustrated notes

Levels and vault maps discovered:
D:1:      onia_arrival_pyramid, layout_basic
D:2:      layout_loops_corners, chequers_ecumenical_altar_island
D:3:      layout_rooms, mainiacjoe_overflow_brackets, serial_shops, shop,
          nicolae_shop_overgrown_old_shop, shop, shop,
          nicolae_shop_window_shopping, amcnicky_mini_corridor_feature,
          dk_vineyard_2, grunt_ministairs_15, hangedman_decor_points,
          minmay_misc_feat_roman, uniq_jessica
D:4:      layout_loops_ring, yredelemnul_altar_generic,
          cheibrodos_sewer_entry_drain, gammafunk_ghost_arena,
          grunt_ministairs_15
D:5:      layout_basic, nicolae_ossuary_entry_false_entrances, uniq_grinder,
          uniq_duvessa
D:6:      layout_basic, grunt_temple_overflow_open,
          minmay_temple_entry_stoned_glass, serial_shops, nicolae_square_shop,
          uniq_maggie
D:7:      layout_layer_cave, minmay_bent
D:8:      nzn_winding_woodlands_three_and_one
          [nzn_winding_woodlands_5x15_pockets, nzn_winding_woodlands_5x15_twine,
          nzn_winding_woodlands_5x15_pool,
          nzn_winding_woodlands_center_pierced_h], layout_rooms,
          biasface_ghost_orc_armoury, minmay_misc_feat_plants, wad_mini_maze
D:9:      layout_long_grid, minmay_orc_entry_temple_small
D:10:     layout_basic, general_overflow_altar, grunt_qazlal_clouds,
          disabler_island
D:11:     layout_irregular_city, david_lair_generic, gauntlet_entry_generic,
          uniq_snorg, uniq_sonja
Temple:   nicolae_temple_x_marks_the_god

Skill      XL: |  1  2  3  4  5  6  7  8  9 10 11 12 |
---------------+-------------------------------------+-----
Fighting       | 4 5 6 7 |  7.2
Maces & Flails | 3 4 5 7 8 9 10 | 10.7
Armour         | 4 6 7 9 |  9.6
Dodging        | 1 2 |  2.0
Shields        | 4 5 7 9 10 11 | 11.1
Evocations     | 1 3 4 |  4.4
Throwing       | 1 2 3 |  3.1
Stealth        | 1 |  1.3
Invocations    | 3 5 6 |  6.3

Action                   |  1- 3 |  4- 6 |  7- 9 | 10-12 || total
-------------------------+-------+-------+-------+-------++-------
Melee: Flail             |    43 |   195 |   371 |       ||   609
       Whip              |    68 |       |       |       ||    68
       Club              |    26 |       |       |       ||    26
       Morningstar       |       |       |    25 |   558 ||   583
Throw: Boomerang         |       |    19 |    20 |    73 ||   112
Invok: Heroism           |       |       |       |     9 ||     9
       Finesse           |       |       |       |     4 ||     4
Evoke: Wand              |       |       |       |     1 ||     1
  Use: Scroll            |       |     8 |    10 |    12 ||    30
       Potion            |       |       |     7 |    10 ||    17
Armor: Scale mail        |    75 |    94 |    15 |       ||   184
       Chain mail        |       |       |   247 |     6 ||   253
       Crystal plate arm |       |       |       |   295 ||   295
       Plate armour      |       |       |       |    14 ||    14
Dodge: Dodged            |    59 |    88 |   160 |    68 ||   375
Block: Buckler           |    24 |    38 |    70 |       ||   132
       Kite shield       |       |       |   111 |   586 ||   697
       Reflection        |       |       |     4 |    13 ||    17
